 Dungeon Crawl Stone Soup version 0.14-a0-2950-gbe29d66 (webtiles) character file.

542 Kae the Poker (level 6, -2/52 HPs)
             Began as a Naga Gladiator on Mar 4, 2014.
             Slain by Menkaure (8 damage)
             ... on Level 4 of the Dungeon.
             The game lasted 00:04:50 (3926 turns).

Kae the Poker (Naga Gladiator)                      Turns: 3926, Time: 00:04:50

HP  -2/52        AC  8     Str 19      XL: 6   Next: 73%
MP   6/6         EV  3     Int  9      God:
Gold 166         SH  0     Dex 11      Spells:  0 memorised,  5 levels left

rFire  . . .     SeeInvis +     a - +0,+1 trident
rCold  . . .     Clarity  .     p - +0 plate armour
rNeg   . . .     Conserve .     (no shield)
rPois  +         rCorr    .     c - +0 helmet
rElec  .         rRot     .     (no cloak)
SustAb . .       Spirit   .     (no gloves)
rMut   .         Warding  .     (no barding)
Saprov . . .     Stasis   .     (no amulet)
MR     .....                    (no ring)
                                (no ring)

@: very slow, not resistant to hostile enchantments, extremely unstealthy
A: spit poison, see invisible, deformed body, poison resistance, slowness 2, AC
+2
a: Spit Poison


You were on level 4 of the Dungeon.
You were hungry.

You visited 1 branch of the dungeon, and saw 4 of its levels.

You collected 166 gold pieces.

Inventory:

Hand weapons
 a - a +0,+1 trident (weapon)
Missiles
 d - 3 throwing nets (quivered)
Armour
 b - a +1 leather armour
 c - a +0 helmet (worn)
 p - a +0 plate armour (worn)
Magical devices
 h - a wand of frost (10)
Comestibles
 f - 3 bread rations
 g - an apricot
 r - 2 meat rations
 z - a pear
Scrolls
 i - a scroll of enchant weapon II
 s - 2 scrolls of magic mapping {unknown}
 t - 2 scrolls of enchant armour
 v - 3 scrolls of identify {unknown}
Jewellery
 k - an uncursed amulet of inaccuracy {unknown}
 l - a +2 ring of intelligence {unknown}
 w - an uncursed amulet of resist corrosion {unknown}
Potions
 e - 4 potions of curing
 j - a potion of mutation {unknown}
 m - 3 potions of invisibility {unknown}
 n - 2 potions of degeneration {unknown}
 o - a potion of poison {unknown}
 u - a potion of paralysis {unknown}


   Skills:
 - Level 2.0 Fighting
 * Level 6.8 Polearms
 - Level 1.7 Throwing
 + Level 1.9 Armour
 - Level 2.4 Dodging


You had 5 spell levels left.
You didn't know any spells.

Dungeon Overview and Level Annotations

Branches:
Dungeon (4/16)
 Temple: D:4-7

Altars:

Annotations:
D:4 Menkaure


Innate Abilities, Weirdness & Mutations

You cannot wear boots.
You can spit poison.
Your serpentine skin is tough (AC +2).
You have supernaturally acute eyesight.
Armour fits poorly on your strangely shaped body.
Your system is resistant to poisons.
You cover ground very slowly.


Message History

Menkaure hits you!
* * * LOW HITPOINT WARNING * * *
The giant newt bites you but does no damage.
The scorpion barely misses you.
Drink which item? (? for menu, Esc to quit)
You feel better.
It was a potion of curing.
The giant newt bites you but does no damage.
Menkaure hits you.
* * * LOW HITPOINT WARNING * * *
The scorpion stings you.
* * * LOW HITPOINT WARNING * * *
Read which item? (? for menu, Esc to quit)
As you read the scroll labeled NAZESM CRUKOFF, it crumbles to dust.
You assume a fearsome visage.
Menkaure is unaffected.
The giant newt looks frightened!
The scorpion looks frightened!
It was a scroll of fear.
Menkaure hits you but does no damage.
Read which item? (? for menu, Esc to quit)
As you read the scroll of fear, it crumbles to dust.
You assume a fearsome visage.
Menkaure is unaffected.
Menkaure hits you!
You die...

### .##...#
.......##
.........#
..>.......###
....l..s....#
.......>....#
.........M...#
#.........@.#
#...........#
#...........#
#...........#
#...........#
#...........#
##...........#
#............#
#............#


You could see Menkaure, a scorpion (fleeing) and a giant newt (fleeing).

Vanquished Creatures
  A phantom (D:3)
  The ghost of Gandelf the Traitor, an average NaDK of Yredelemnul (D:4)
  A giant frog skeleton (D:4)
  A worker ant (D:4)
  3 gnolls (D:2)
  4 adders
  A giant mite (D:1)
  2 worms
  3 giant geckos
  2 oozes
  4 orcs
  2 giant cockroaches
  5 goblins
  9 hobgoblins
  2 jackals (D:1)
  2 ball pythons
  15 bats
  13 giant newts
  7 kobolds
  11 rats
89 creatures vanquished.

Notes
Turn   | Place    | Note
--------------------------------------------------------------
     0 | D:1      | Kae, the Naga Gladiator, began the quest for the Orb.
     0 | D:1      | Reached XP level 1. HP: 19/19 MP: 1/1
   109 | D:1      | Reached XP level 2. HP: 19/26 MP: 2/2
   459 | D:1      | Reached skill level 4 in Polearms
   578 | D:1      | Reached XP level 3. HP: 30/32 MP: 3/3
  1202 | D:2      | Reached XP level 4. HP: 12/39 MP: 4/4
  1505 | D:2      | Reached skill level 5 in Polearms
  2881 | D:3      | Noticed a phantom
  2919 | D:3      | Killed a phantom
  2919 | D:3      | Reached skill level 6 in Polearms
  2919 | D:3      | Reached skill level 1 in Armour
  2919 | D:3      | Reached XP level 5. HP: 18/45 MP: 5/5
  3205 | D:3      | Reached XP level 6. HP: 49/52 MP: 6/6
  3338 | D:4      | Noticed Gandelf's ghost (average NaDK)
  3367 | D:4      | Killed Gandelf's ghost
  3915 | D:4      | Noticed Menkaure
  3923 | D:4      | HP: 1/52 [Menkaure (17)]
  3926 | D:4      | Slain by Menkaure

Action                   |  1- 3 |  4- 6 || total
-------------------------+-------+-------++-------
Melee: Trident           |   119 |   274 ||   393
 Abil: Spit Poison       |     1 |     2 ||     3
Evoke: Wand              |       |     2 ||     2
  Use: Scroll            |     5 |     4 ||     9
       Potion            |       |     1 ||     1
